 Dungeon Crawl Stone Soup version 0.30-a0-782-ge64f9170bb (webtiles) character file.

Game seed: 865889707543226811

4274 shadizar the Fighter (level 10, 0/68 HPs)
             Began as a Gargoyle Fighter on Mar 18, 2023.
             Was a Believer of Okawaru.
             Shot with an arrow by a centaur warrior (17 damage)
             ... on level 8 of the Dungeon.
             The game lasted 00:16:25 (7147 turns).

shadizar the Fighter (Gargoyle Fighter)             Turns: 7147, Time: 00:16:25

Health: 0/68       AC: 18    Str: 25    XL:     10   Next: 31%
Magic:  19/19      EV: 12    Int:  8    God:    Okawaru [**....]
Gold:   524        SH:  5    Dex:  9    Spells: 9/9 levels left

rFire   . . .      SeeInvis .    u - +3 whip (vamp)
rCold   . . .      Faith    .    c - +0 buckler
rNeg    + . .      Spirit   .    k - +2 leather armour of Arcadian Intercession {Regen+ rCorr MP+9}
rPois   ∞          Reflect  .    (no helmet)
rElec   +          Harm     .    e - +1 cloak
rCorr   +          Rampage  .    j - +0 pair of gloves
Will    .....                    w - +0 pair of boots
Stlth   +                        (no amulet)
HPRegen 1.11/turn                x - ring of flight
MPRegen 0.16/turn                (no ring)

@: flying
A: sickness immunity, AC +7, negative energy resistance 1, electricity
resistance, torment resistance 1, petrification resistance
a: Renounce Religion, Heroism


You were on level 8 of the Dungeon.
You worshipped Okawaru.
Okawaru was pleased with you.
You visited 2 branches of the dungeon, and saw 9 of its levels.

You collected 524 gold pieces.

Inventory:

Hand Weapons
 a - a +0 flail
 d - a +0 heavy long sword
 t - a +4 long sword
 u - a +3 vampiric whip (weapon)
 C - a +2 whip of flaming
 E - a +0 war axe of venom
 F - a +2 antimagic spear
Missiles
 l - 6 throwing nets (quivered)
 r - 62 stones
Armour
 b - a +3 chain mail
 c - a +0 buckler (worn)
 e - a +1 cloak (worn)
 j - a +0 pair of gloves (worn)
 k - the +2 leather armour of Arcadian Intercession (worn) {Regen+ rCorr MP+9}
   (You found it on level 2 of the Dungeon)

   MP:        It affects your magic capacity (+9).
   Regen:     It increases your rate of health regeneration.
   rCorr:     It protects you from acid and corrosion.
 q - the +1 robe "Boitwaejui" {Harm rC+++ Dex-5 SInv}
   (You found it on level 3 of the Dungeon)

   Dex:       It affects your dexterity (-5).
   rC:        It renders you almost immune to cold.
   SInv:      It lets you see invisible.
   Harm:      It increases damage dealt and taken.
 w - a +0 pair of boots (worn)
 D - a +0 plate armour
Jewellery
 x - a ring of flight (left hand)
Wands
 o - a wand of flame (14)
 B - a wand of roots (12)
 G - a wand of polymorph (7)
Scrolls
 f - 5 scrolls of teleportation
 h - a scroll of poison
 i - 2 scrolls of identify
 v - a scroll of brand weapon
 y - a scroll of blinking
 H - a scroll of immolation {unknown}
Potions
 g - 4 potions of lignification
 m - 2 potions of curing {unknown}
 n - 4 potions of attraction {unknown}
 p - a potion of cancellation {unknown}
 s - 4 potions of heal wounds
 z - 2 potions of magic
 A - a potion of invisibility {unknown}


   Skills:
 * Level 9.9 Fighting
 + Level 6.3 Maces & Flails
 + Level 7.4 Armour
 + Level 4.7 Dodging
 + Level 7.4 Shields


You had 9 spell levels left.
You didn't know any spells.
Your spell library contained the following spells:

 Spells                   Type           Power      Damage    Failure   Level
 Beastly Appendage        Tmut           0%         N/A       52%         1
 Foxfire                  Conj/Fire      0%         2x1d4     52%         1
 Magic Dart               Conj           0%         1d3       52%         1
 Lesser Beckoning         Tloc           0%         N/A       67%         2
 Searing Ray              Conj           0%         2d4       67%         2
 Wereblood                Tmut           0%         N/A       67%         2
 Dazzling Flash           Conj/Hex       0%         N/A       88%         3
 Gell's Gravitas          Tloc           0%         N/A       88%         3
 Spider Form              Tmut/Pois      0%         N/A       88%         3
 Teleport Other           Tloc           0%         N/A       88%         3
 Anguish                  Hex/Necr       0%         N/A       99%         4
 Fulminant Prism          Conj/Hex       0%         3d5       99%         4
 Agony                    Necr           0%         N/A       100%        5
 Fireball                 Conj/Fire      0%         3d3       100%        5
 Silence                  Hex/Air        0%         N/A       100%        5
 Starburst                Conj/Fire      0%         6d3       100%        6
 Enfeeble                 Hex            0%         N/A       100%        7


Dungeon Overview and Level Annotations

Branches:
Dungeon (8/15)             Temple (1/1) D:6
   Lair: D:8-11

Altars:
Ashenzari
Cheibriados
Dithmenos
Elyvilon
Fedhas
Gozag
Hepliaklqana
Kikubaaqudgha
Makhleb
Nemelex Xobeh
Okawaru
Qazlal
Ru
Sif Muna
Trog
Uskayaw
Vehumet
Wu Jian
Xom
Yredelemnul
Zin
The Shining One

Shops:
D:8 *?(

Annotations:
D:4 1 runed translucent door, Crazy Yiuf


Innate Abilities, Weirdness & Mutations

You are immune to sickness and miasma.
Your stone body is resilient. (AC +7)
You are immune to poison.
You resist negative energy. (rN+)
You are resistant to electric shocks. (rElec)
You are resistant to unholy torment.
You are immune to petrification.


Message History

The kobold throws a poisoned dart.
The poisoned dart barely misses you.
Things that are here:
a +0 whip; a +0 ring mail; a kobold corpse The kobold barely misses you.
You hit the kobold.
You kill the kobold!
Things that are here:
a +0 whip; a +0 ring mail; a kobold corpse
Found Zaceu's Magic Scroll Boutique.
f - 5 scrolls of teleportation (gained 1)
Things that are here:
a +0 dagger; 6 poisoned darts; a +0 buckler
G - a wand of polymorph (7);
m - 2 clear potions (gained 1)
H - a scroll labelled IDYCKA BUAWNU
Things that are here:
a +0 dagger; 4 poisoned darts; a kobold corpse You now have 524 gold pieces (gained 14).
A centaur warrior, a centaur and a steam dragon come into view.
Found a stone staircase leading down.
The centaur shouts!
The centaur wields a +0 shortbow.
The centaur shoots an arrow.
The arrow completely misses you.
The centaur shoots an arrow.
The arrow hits you.
The centaur warrior wields a +0 longbow.
The centaur warrior shoots an arrow.
The arrow hits you!
The centaur shoots an arrow.
You block the arrow.
The centaur shoots an arrow.
The arrow hits you.
The centaur warrior unwields a +0 longbow.
The centaur warrior barely misses you.
The centaur warrior completely misses you.
The steam dragon breathes steam at you. The ball of steam hits you!
The centaur shoots an arrow.
The arrow hits you but does no damage. The centaur warrior hits you!
The centaur warrior kicks you but does no damage.
You are too injured to fight recklessly!
You are engulfed in a cloud of scalding steam.
* * * LOW HITPOINT WARNING * * *
The centaur warrior wields a +0 longbow.
The centaur warrior shoots an arrow.
The arrow hits you!
You die...

##..##..##
##........##
#..........#
#..........#
#...>....#
##........##
##...Dc.c...##
#.....§§.....#
..#.....@§.#...
##..##..##
#..##...#
#.....###
####.## ##+#
#.# ...# #.#
##.# #.# ##.###
#.#


You could see a centaur warrior, a steam dragon (catching breath) and a centaur.

Vanquished Creatures
  Pikel (D:7)
  A vampire (D:6)
  A wyvern (D:8)
  Menkaure (D:7)
  5 orc warriors
  2 black bears (D:7)
  An ice beast (D:6)
  2 ogres (D:5)
  A centaur (D:7)
  3 lemures (D:7)
  2 phantoms
  Blork the orc (D:4)
  2 kobold brigands
  A necrophage (D:6)
  2 bullfrogs (D:7)
  5 scorpions
  7 wights
  2 howler monkeys
  A jelly (D:4)
  6 hounds
  2 gnoll boudas (D:5)
  3 orc priests
  6 iguanas
  14 orc wizards
  8 gnolls (D:5)
  7 adders
  A shadow imp (D:5)
  2 white imps
  An ufetubus (D:6)
  4 worms
  2 dart slugs (D:1)
  28 orcs
  4 endoplasms
  3 giant cockroaches
  5 goblins
  7 hobgoblins
  4 jackals (D:2)
  14 kobolds
  3 quokkas
  6 ball pythons
  13 bats
  5 frilled lizards
  7 rats
196 creatures vanquished.

Notes
Turn   | Place    | Note
-------+----------+-------------------------------------------
     0 | D:1      | shadizar the Gargoyle Fighter began the quest for the Orb.
     0 | D:1      | Reached XP level 1. HP: 14/14 MP: 1/1
    91 | D:1      | Reached XP level 2. HP: 18/19 MP: 2/2
   224 | D:1      | Found a faded altar of an unknown god.
   479 | D:1      | Reached XP level 3. HP: 24/24 MP: 3/3
   749 | D:2      | Identified the +2 leather armour of Arcadian Intercession
                  | {Regen+ rCorr MP+9}
  1285 | D:2      | Reached skill level 4 in Fighting
  1285 | D:2      | Reached XP level 4. HP: 29/29 MP: 4/4
  1589 | D:3      | Found a glowing silver altar of Zin.
  1635 | D:3      | Identified the +1 robe "Boitwaejui" {Harm rC+++ Dex-5 SInv}
  2305 | D:4      | Noticed Blork the orc
  2315 | D:4      | Killed Blork the orc
  2316 | D:4      | Reached skill level 1 in Dodging
  2316 | D:4      | Reached XP level 5. HP: 34/34 MP: 5/5
  2410 | D:4      | Reached skill level 5 in Fighting
  2410 | D:4      | Reached XP level 6. HP: 40/40 MP: 6/6
  2774 | D:4      | Found a runed translucent door.
  2775 | D:4      | Noticed Crazy Yiuf
  3021 | D:5      | Entered Level 5 of the Dungeon
  3022 | D:5      | Found a blossoming altar of Fedhas.
  3033 | D:5      | Reached XP level 7. HP: 43/44 MP: 7/7
  3153 | D:5      | Reached skill level 6 in Fighting
  3171 | D:5      | Reached skill level 5 in Armour
  3422 | D:5      | Reached skill level 5 in Shields
  3506 | D:5      | Reached XP level 8. HP: 41/52 MP: 8/8
  3938 | D:5      | Found an ornate altar of the Wu Jian Council.
  4073 | D:5      | Reached skill level 7 in Fighting
  4499 | D:6      | Noticed a vampire
  4776 | D:6      | Reached XP level 9. HP: 59/59 MP: 9/9
  4810 | D:6      | Reached skill level 5 in Maces & Flails
  4838 | D:6      | Reached skill level 8 in Fighting
  4876 | D:6      | Found a staircase to the Ecumenical Temple.
  4892 | Temple   | Entered the Ecumenical Temple
  4930 | Temple   | Became a worshipper of Warmaster Okawaru
  5569 | D:6      | Found a shimmering blue altar of Sif Muna.
  5803 | D:7      | Noticed Menkaure
  5805 | D:7      | Noticed Pikel
  5835 | D:7      | Killed Menkaure
  5835 | D:7      | Reached * piety under Okawaru
  5972 | D:7      | Found a hide-covered altar of Uskayaw.
  6074 | D:7      | Killed Pikel
  6075 | D:7      | Reached skill level 9 in Fighting
  6083 | D:7      | Reached ** piety under Okawaru
  6169 | D:7      | Reached XP level 10. HP: 66/66 MP: 10/10
  6634 | D:8      | Found Vatzach's General Store.
  7012 | D:8      | Found Muqetot's Antique Weapon Shoppe.
  7040 | D:8      | Noticed a death yak
  7040 | D:8      | Noticed a death yak
  7122 | D:8      | Found Zaceu's Magic Scroll Boutique.
  7143 | D:8      | Noticed a centaur warrior
  7147 | D:8      | Shot with an arrow by a centaur warrior

Illustrated notes

Levels and vault maps discovered:
D:1:      dpeg_arrival_boxes_within_box, layout_loops_ring,
          nicolae_ecumenical_lake_church, hex_tiny
D:2:      minmay_razor_zed, layout_basic
D:3:      layout_loops_cross, zin_scriptorium, minmay_misc_feat_chi
D:4:      layout_loops_cross, serial_rivers, chequers_serial_rivers_large_b,
          chequers_serial_rivers_micro_d, chequers_serial_rivers_micro_d,
          chequers_serial_rivers_micro_d, chequers_serial_rivers_small_3,
          serial_park_tiny_1, minmay_quantized, uniq_blork_the_orc,
          uniq_crazy_yiuf_cottage
D:5:      minmay_octagon_keep, layout_basic, nzn_wu_jian_contemplation,
          fedhas_altar_3, grunt_decor_resistance
D:6:      layout_rooms, kennysheep_orc_sif_temple, minmay_temple_entry_waves
D:7:      layout_loops_ring, nicolae_uskayaw_dance_studio,
          minmay_misc_feat_secret_circle, uniq_menkaure, uniq_pikel
D:8:      layout_loops_corners, dpeg_lair_monsters, serial_shops, shop, shop,
          nicolae_shop_advertising_works [nicolae_subvault_shop_adworks],
          nicolae_shop_behind_doors, nicolae_take_the_stairs,
          grunt_ministairs_15, small_statue_intersection,
          grunt_decor_one_mirror, st_stairs_5, amcnicky_mini_corridor_feature
Temple:   minmay_temple_bridge_d

Skill      XL: |  1  2  3  4  5  6  7  8  9 10 |
---------------+-------------------------------+-----
Fighting       | 4 5 6 7 9 |  9.9
Armour         | 4 5 6 7 |  7.4
Dodging        | 1 2 3 4 |  4.7
Shields        | 4 5 6 7 |  7.4
Maces & Flails | 3 4 5 6 |  6.3

Action                     |  1- 3 |  4- 6 |  7- 9 | 10-12 || total
---------------------------+-------+-------+-------+-------++-------
  Melee: Flail             |   104 |    70 |       |       ||   174
         Whip              |       |   136 |   730 |   202 ||  1068
 Invoke: Heroism           |       |       |     1 |     1 ||     2
    Use: Potion            |       |     1 |       |       ||     1
         Scroll            |       |       |    12 |     2 ||    14
 Armour: Scale mail        |    34 |       |       |       ||    34
         Leather armour    |    34 |    84 |   317 |    97 ||   532
  Dodge: Dodged            |    47 |    97 |   297 |    77 ||   518
  Block: Buckler           |    27 |    44 |    89 |    41 ||   201

Table legend: (Time is in decaauts)
 A = Elapsed time spent in this place.
 B = Non-inter-level travel time spent in this place.
 C = Inter-level travel time spent in this place.
 D = Time resting spent in this place.
 E = Time spent auto-exploring this place.
 F = Levels seen in this place.
 G = Mean time per level.
                   A        B        C        D        E       F      G
               +--------+--------+--------+--------+--------+-----+--------+
         Total |   7130 |   6881 |    249 |      0 |   4561 |   9 |  792.2 |
       Dungeon |   6971 |   6752 |    219 |      0 |   4445 |   8 |  871.4 |
        Temple |    158 |    128 |     30 |      0 |    116 |   1 |  158.0 |
               +--------+--------+--------+--------+--------+-----+--------+

Top non-repeatable levels by time:
     D:5: 1436 daAuts
     D:6: 1016 daAuts
     D:4: 919 daAuts
     D:7: 853 daAuts
     D:2: 740 daAuts
     D:3: 732 daAuts
     D:1: 718 daAuts
     D:8: 555 daAuts
  Temple: 158 daAuts
